AoeStats
← emre_2626eses

Arabia

510369502Analyzed
1v1 RM · 10h ago on Sep 30, 2026· 27m 30s· 2 players
Game mode
Random Map
Map size
Tiny (2 player)
Population
200
Speed
Normal
Resources
Standard
Victory
Conquest
Starting age
Dark Age
Ending age
Imperial Age
RankedLock teamsTeams togetherTeam positionsShared explorationLock speedFull tech treeHidden civsTurbo modeCheats
Victory
Defeat
🇨🇿 Vietnamese · Czechia
783
+15
🇹🇷 Goths · Türkiye
753
-15
emre_2626eses
3:52 Loom
10:54 Feudal Age
11:30 Double-Bit Axe
20:41 Castle Age
20:40 Bloodlines
24:23 Husbandry
26:14 Scale Mail Armor
Lukisonn
10:16 Feudal Age
8:32 Loom
11:23 Double-Bit Axe
12:39 Gold Mining
14:29 Padded Archer Armor
15:17 Fletching
17:56 Wheelbarrow
22:26 Castle Age
23:59 Horse Collar
24:32 Bow Saw
24:20 Crossbowman
25:06 Thumb Ring
26:14 Heavy Plow
Connection lost

Rejoining the realm…

Still unreachable

The connection could not be restored.

Session expired

The server has moved on; the page needs a fresh start.